 Dungeon Crawl Stone Soup version 0.23-a0-391-g8c51ad5 (webtiles) character file.

11726 RoseArtemis the Covert (level 11, -5/54 HPs)
             Began as a Spriggan Enchanter on Oct 30, 2018.
             Was the Champion of Jiyva.
             Slain by a komodo dragon (31 damage)
             ... on level 2 of the Lair of Beasts on Oct 31, 2018.
             The game lasted 00:46:00 (12103 turns).

RoseArtemis the Covert (Spriggan Enchanter)        Turns: 12103, Time: 00:46:00

Health: -5/54      AC:  7    Str:  8    XL:     11   Next: 53%
Magic:  25/27      EV: 28    Int: 16    God:    Jiyva [******]
Gold:   365        SH:  0    Dex: 17    Spells: 20/28 levels left

rFire    + . .     SeeInvis +   b - +4 dagger (venom)
rCold    . . .     Gourm    .   (shield restricted)
rNeg     . . .     Faith    .   B - +2 robe {rF+}
rPois    .         Spirit   .   (helmet restricted)
rElec    .         Reflect  .   e - +2 cloak
rCorr    +         Harm     .   (gloves unavailable)
MR       ++...     Clarity  +   (boots unavailable)
Stlth    ++++++....             (no amulet)
HPRegen  0.18/turn              (no ring)
MPRegen  0.20/turn              (no ring)

@: very quick
A: very small, unfitting armour, beak, see invisible, clarity, herbivore, speed
3, high mp 1, magic resistance 1, slow metabolism 2
a: Request Jelly, Slimify, Cure Bad Mutation, Renounce Religion


You were on level 2 of the Lair of Beasts.
You worshipped Jiyva.
Jiyva was exalted by your worship.
You were completely stuffed.

You visited 3 branches of the dungeon, and saw 13 of its levels.
You also visited: Sewer and Bailey.

You collected 855 gold pieces.
You spent 490 gold pieces at shops.

Inventory:

Hand Weapons
 a - the +3 short sword "Wuowk" {elec, rPois}
   (You found it on level 6 of the Dungeon)

   Occasionally, upon striking a foe, it will discharge some electrical energy
   and cause terrible harm.
   It protects you from poison.
 b - a +4 dagger of venom (weapon)
 g - a +0 blowgun
Missiles
 A - 6 curare-tipped needles
Armour
 e - a +2 cloak (worn)
 q - a +0 robe
 B - a +2 robe of fire resistance (worn)
Wands
 s - a wand of random effects (10)
 t - a wand of polymorph (21)
 y - a wand of iceblast (23)
 z - a wand of disintegration (14)
Scrolls
 f - 4 scrolls of amnesia
 k - 3 scrolls of blinking
 l - 8 scrolls of teleportation
 n - a scroll of magic mapping
 o - 4 scrolls of remove curse
 r - 2 scrolls of immolation
 u - a scroll of enchant armour
 C - a scroll of fog
 D - a scroll of identify
Potions
 c - 2 potions of curing
 h - a potion of haste
 i - a potion of berserk rage
 j - a potion of agility
 m - a potion of might
 p - a potion of lignification {unknown}
 v - a potion of invisibility {unknown}
 w - 3 potions of heal wounds
 x - 2 potions of resistance
Comestibles
 d - 10 rations


   Skills:
 + Level 4.4 Fighting
 - Level 10.0 Short Blades
 + Level 12.7 Dodging
 + Level 14.0 Stealth
 - Level 9.0 Spellcasting
 - Level 6.1 Hexes


You had 20 spell levels left.
You knew the following spells:

 Your Spells              Type           Power        Failure   Level  Hunger
a - Confuse               Hex            ####....     2%          3    #......
b - Ensorcelled Hibernat  Hex/Ice        ###...       4%          2    None
c - Dazzling Spray        Conj/Hex       ###...       9%          3    #......

Your spell library contained the following spells:

 Spells                   Type           Power        Failure   Level  Hunger
 Corona                   Hex            ####...      1%          1    None
 Tukima's Dance           Hex            ####....     2%          3    #......
 Cause Fear               Hex            ####......   9%          4    ###....
 Freeze                   Ice            #...         10%         1    None
 Throw Frost              Conj/Ice       #.....       16%         2    None
 Ozocubu's Armour         Chrm/Ice       #.......     30%         3    #......
 Silence                  Hex/Air        ###.......   63%         5    #####..
 Yara's Violent Unravell  Hex/Tmut       ###.......   63%         5    #####..
 Summon Ice Beast         Ice/Summ       #.......     69%         4    ###....
 Throw Icicle             Conj/Ice       #.......     69%         4    ###....
 Deflect Missiles         Chrm/Air       #.........   100%        6    ######.
 Discord                  Hex            ####......   100%        8    #######


Dungeon Overview and Level Annotations

Branches:
Dungeon (10/15)            Temple (1/1) D:4            Lair (2/6) D:9
    Orc (0/2) D:9
  Swamp: Lair:2-4    Shoals: Lair:2-4     Snake: Lair:2-4    Spider: Lair:2-4

Altars:
Ashenzari
Cheibriados
Dithmenos
Elyvilon
Fedhas
Gozag
Hepliaklqana
Kikubaaqudgha
Makhleb
Nemelex Xobeh
Okawaru
Qazlal
Ru
Sif Muna
Trog
Uskayaw
Vehumet
Wu Jian
Xom
Yredelemnul
Zin
The Shining One
Jiyva

Shops:
D:5 (   D:10 [


Innate Abilities, Weirdness & Mutations

You are very small and have problems with some larger weapons.
You are too small for most types of armour.
You have supernaturally acute eyesight. (SInv)
You are a herbivore.
You cover ground extremely quickly.
You need to consume almost no food.
You have a beak for a mouth.
You possess an exceptional clarity of mind.
You have an increased reservoir of magic. (+10% MP)
You are resistant to hostile enchantments. (MR+)


Message History

You see here a book of Enchantments.
You pick up a book of Enchantments and begin reading...
You add the spells Cause Fear, Yara's Violent Unravelling, Silence, Deflect
Okay, then.
This spell is very dangerous to cast!
Memorise Yara's Violent Unravelling, consuming 5 spell levels and leaving 15? [Y]es or [N]o only, please.
Memorise Yara's Violent Unravelling, consuming 5 spell levels and leaving 15?
Okay, then.
This spell is impossible to cast!
Memorise Deflect Missiles, consuming 6 spell levels and leaving 14?
You start memorising the spell.
You continue memorising. x4
The komodo dragon bites your acid blob!!
The komodo dragon is burned by acid!
You continue memorising.
Your acid blob dissolves into a puddle of slime!
You continue memorising.
The komodo dragon bites you!!
Your memorisation is interrupted.
Ouch! That really hurt!
You die...

##.........†..............
...P......................
#.###...................(.
#.. #........#.........P..
#P.##.....................
##.........#.............
#P.......................
##.........b.........$....
................@l...%....
..##..>...........##......
..###..............#......
...##...................#.
....#..........P.#.....#..
.............J...##..... .
.................# #.....
.................#. ....
.................... ..


You could see a komodo dragon and a neutral azure jelly (fellow slime).

Vanquished Creatures
  Harold (D:10)
  Nergalle (D:10)
  Sonja (Lair:1)
  An unseen horror (D:10)
  Maurice (D:8)
  A komodo dragon (Lair:2)
  A rime drake (Lair:2)
  A tengu conjurer (D:10)
  2 trolls (D:10)
  Grinder (D:6)
  2 hippogriffs (Lair:1)
  4 hungry ghosts
  Edmund (D:6)
  5 water moccasins
  2 orc warriors
  2 ice beasts
  A porcupine (D:9)
  A sky beast (D:8)
  A phantom (D:7)
  3 necrophages
  2 ogres
  5 wolves
  3 crocodiles
  3 centaurs
  4 bullfrogs
  4 scorpions
  3 killer bees (D:10)
  5 crimson imps
  2 orc priests
  A centaur skeleton (D:4)
  Crazy Yiuf (D:3)
  2 hounds (D:8)
  An iron imp (D:8)
  2 orc wizards (D:2)
  5 worker ants
  4 ogre zombies (D:9)
  2 hound zombies
  A worker ant zombie (D:6)
  8 adders
  2 gnolls (Bailey)
  A river rat (D:6)
  2 shadow imps
  2 oozes (D:2)
  2 adder skeletons
  3 worms
  3 dart slugs
  7 leopard geckos
  15 orcs
  10 bats
  3 giant cockroaches
  9 goblins
  6 hobgoblins
  7 jackals
  10 kobolds
  6 quokkas
  6 ball pythons
  6 frilled lizards
  2 goblin zombies (D:9)
  4 hobgoblin zombies (D:9)
  A leopard gecko zombie (D:7)
  3 orc skeletons (D:9)
  8 orc zombies (D:9)
  A quokka skeleton (D:9)
  14 rats
224 creatures vanquished.

Vanquished Creatures (collateral kills)
  3 hydras
  Pikel (D:8)
  A black mamba (Lair:1)
  A hippogriff (Lair:1)
  5 yaks (Lair:1)
  A steam dragon (D:8)
  A basilisk (Lair:2)
  A two-headed ogre zombie (D:9)
  A phantom (D:9)
  A porcupine (Lair:1)
  A slave (D:8)
  2 orc warriors (D:8)
  2 troll zombies (D:9)
  A worker ant (D:8)
  An ogre zombie (D:9)
  3 orcs (D:8)
  A goblin zombie (D:9)
  2 hobgoblin zombies (D:9)
  An orc skeleton (D:9)
  3 orc zombies (D:9)
33 creatures vanquished.

Vanquished Creatures (others)
  2 orc warriors (Bailey)
  3 centaurs
  A crocodile (Lair:1)
  3 bullfrogs (Lair:1)
  A scorpion (D:9)
  A howler monkey (D:7)
  5 hounds
  20 jellies
  7 orc wizards
  A worker ant (D:8)
  A hound skeleton (D:5)
  3 adders
  An ooze (D:9)
  3 worms (Sewer)
  9 orcs
  A goblin (Bailey)
  3 jackals (Sewer)
  3 kobolds (Bailey)
  3 quokkas (D:5)
  2 bats (Sewer)
  A frilled lizard (D:5)
  A hobgoblin zombie (D:9)
  A quokka skeleton (D:4)
  A fungus (Lair:2)
  A plant (Lair:2)
78 creatures vanquished.

Grand Total: 335 creatures vanquished

Notes
Turn   | Place    | Note
-------+----------+-------------------------------------------
     0 | D:1      | RoseArtemis the Spriggan Enchanter began the quest for the
                  | Orb.
     0 | D:1      | Reached XP level 1. HP: 9/9 MP: 5/5
    79 | D:1      | Found a shattered altar of Ashenzari.
   156 | D:1      | Reached XP level 2. HP: 13/13 MP: 4/6
   327 | D:1      | Learned a level 2 spell: Ensorcelled Hibernation
   797 | D:2      | Reached XP level 3. HP: 16/16 MP: 5/8
   804 | D:2      | Learned a level 3 spell: Confuse
  1621 | D:2      | Reached skill level 5 in Stealth
  1621 | D:2      | Reached XP level 4. HP: 15/21 MP: 6/9
  2483 | D:3      | Learned a level 3 spell: Dazzling Spray
  2600 | D:3      | Reached skill level 5 in Hexes
  2734 | D:3      | Reached XP level 5. HP: 16/24 MP: 6/11
  2871 | D:3      | Found a runed door.
  2875 | D:3      | Noticed Crazy Yiuf
  2879 | D:3      | Killed Crazy Yiuf
  3152 | D:3      | Found a faded altar of an unknown god.
  3231 | D:3      | Became a worshipper of Jiyva Jejogogi the Shapeless
  3231 | D:3      | Reached * piety under Jiyva
  3651 | D:4      | Found a staircase to the Ecumenical Temple.
  3657 | D:4      | Reached XP level 6. HP: 28/28 MP: 12/12
  3662 | Temple   | Entered the Ecumenical Temple
  3983 | D:4      | Noticed a hungry ghost
  4195 | D:4      | Reached ** piety under Jiyva
  4203 | D:4      | Reached skill level 6 in Stealth
  4422 | D:4      | Reached skill level 5 in Dodging
  4503 | D:4      | Reached *** piety under Jiyva
  4522 | D:4      | Reached XP level 7. HP: 32/32 MP: 10/14
  4617 | D:4      | Killed a hungry ghost
  4676 | D:4      | Gained mutation: Your rubbery body absorbs attacks. (AC +1,
                  | EV +1) [Jiyva's grace]
  5256 | D:5      | Entered Level 5 of the Dungeon
  5362 | D:5      | Reached skill level 7 in Stealth
  5362 | D:5      | Reached **** piety under Jiyva
  5412 | D:5      | Reached skill level 5 in Spellcasting
  5468 | D:5      | Gained mutation: You are resistant to hostile enchantments.
                  | (MR+) [Jiyva's grace]
  5860 | D:5      | Found Tugro's Antique Weapon Boutique.
  5865 | D:5      | Bought a runed dagger for 115 gold pieces
  5885 | D:6      | Got a polished short sword
  5894 | D:6      | Noticed Grinder
  5908 | D:6      | Killed Grinder
  6017 | D:6      | Reached XP level 8. HP: 36/36 MP: 12/17
  6034 | D:6      | Found a glowing drain.
  6132 | Sewer    | Entered a sewer
  6284 | Sewer    | Reached ***** piety under Jiyva
  6284 | Sewer    | Gained mutation: You are resistant to electric shocks.
                  | (rElec) [Jiyva's grace]
  6531 | D:6      | Noticed Edmund
  6538 | D:6      | Killed Edmund
  6538 | D:6      | Reached skill level 8 in Stealth
  6548 | D:6      | Reached skill level 5 in Short Blades
  6736 | D:6      | Found the +10 Black Knight's horse barding {ponderous,
                  | rPois rN+}
  7137 | D:7      | Gained mutation: Armour fits poorly on your strangely
                  | shaped body. [Jiyva's grace]
  7156 | D:7      | Reached skill level 9 in Stealth
  7182 | D:7      | Found a shimmering altar of Xom.
  7182 | D:7      | Found a shimmering altar of Xom.
  7182 | D:7      | Found a shimmering altar of Xom.
  7182 | D:7      | Found a shimmering altar of Xom.
  7182 | D:7      | Found a shimmering altar of Xom.
  7183 | D:7      | Found a shimmering altar of Xom.
  7183 | D:7      | Found a shimmering altar of Xom.
  7213 | D:7      | Found an ancient bone altar of Kikubaaqudgha.
  7215 | D:7      | Found a sparkling altar of Nemelex Xobeh.
  7255 | D:7      | Found a sacrificial altar of Ru.
  7259 | D:7      | Found a glowing golden altar of the Shining One.
  7369 | D:7      | Lost mutation: You are resistant to electric shocks.
                  | (rElec) [Jiyva's grace]
  7502 | D:7      | Reached XP level 9. HP: 39/39 MP: 17/20
  7565 | D:7      | Reached ****** piety under Jiyva
  7778 | D:7      | Found a bloodstained altar of Trog.
  7991 | D:8      | Reached skill level 10 in Stealth
  8135 | D:8      | Noticed Maurice
  8173 | D:8      | Killed Maurice
  8506 | D:8      | Noticed Pikel
  8511 | D:8      | Killed Pikel
  8511 | D:8      | Reached skill level 11 in Stealth
  8697 | D:8      | Gained mutation: You have a beak for a mouth. [Jiyva's
                  | grace]
  8760 | D:8      | Lost mutation: Armour fits poorly on your strangely shaped
                  | body. [Jiyva's grace]
  9103 | D:8      | Found a snail-covered altar of Cheibriados.
  9187 | D:9      | Found a staircase to the Orcish Mines.
  9218 | D:9      | Reached skill level 10 in Dodging
  9450 | D:9      | Reached XP level 10. HP: 44/44 MP: 23/23
  9723 | D:9      | Found a flagged portal.
  9731 | Bailey   | Entered a bailey
  9867 | Bailey   | Lost mutation: Your rubbery body absorbs attacks. (AC +1,
                  | EV +1) [Jiyva's grace]
  9908 | Bailey   | Found a burning altar of Makhleb.
  9911 | Bailey   | Gained mutation: Your mind is acute. (Int +2) [Jiyva's
                  | grace]
  9976 | D:9      | Found a staircase to the Lair.
 10251 | D:10     | Entered Level 10 of the Dungeon
 10321 | D:10     | Noticed Harold
 10324 | D:10     | Killed Harold
 10324 | D:10     | Reached skill level 1 in Fighting
 10324 | D:10     | Reached skill level 12 in Stealth
 10349 | D:10     | Found Romohaje's Armour Emporium.
 10522 | D:10     | Noticed an unseen horror
 10541 | D:10     | Killed an unseen horror
 10567 | D:10     | Gained mutation: You have an increased reservoir of magic.
                  | (+10% MP) [Jiyva's grace]
 10666 | D:10     | Bought a +2 shield for 181 gold pieces
 10666 | D:10     | Bought a +2 robe of fire resistance for 194 gold pieces
 10676 | D:10     | Identified the cursed +3 short sword "Wuowk" {elec, rPois}
                  | (You found it on level 6 of the Dungeon)
 10777 | D:10     | Noticed Nergalle
 10786 | D:10     | Killed Nergalle
 10871 | Lair:1   | Entered Level 1 of the Lair of Beasts
 11083 | Lair:1   | Reached XP level 11. HP: 51/51 MP: 27/27
 11113 | Lair:1   | Noticed a six-headed hydra
 11123 | Lair:1   | Killed a six-headed hydra
 11123 | Lair:1   | Lost mutation: Your mind is acute. (Int +2) [Jiyva's grace]
 11146 | Lair:1   | Got a smoking hunting sling
 11147 | Lair:1   | Identified the +5 hunting sling of Eternal Vigilance
                  | {velocity, *Corrode Dex+4} (You found it on level 1 of the
                  | Lair of Beasts)
 11296 | Lair:1   | Reached skill level 10 in Short Blades
 11297 | Lair:1   | Reached skill level 13 in Stealth
 11492 | Lair:1   | Noticed Sonja
 11500 | Lair:1   | Killed Sonja
 11935 | Lair:2   | Noticed a five-headed hydra
 11957 | Lair:2   | Killed a five-headed hydra
 11957 | Lair:2   | Noticed a six-headed hydra
 12060 | Lair:2   | Slimified a six-headed hydra
 12060 | Lair:2   | Noticed an azure jelly
 12060 | Lair:2   | a six-headed hydra changed into an azure jelly
 12073 | Lair:2   | Noticed a four-headed hydra
 12075 | Lair:2   | Gained mutation: You possess an exceptional clarity of
                  | mind. [Jiyva's grace]
 12085 | Lair:2   | Killed a four-headed hydra
 12085 | Lair:2   | Reached skill level 14 in Stealth
 12103 | Lair:2   | Slain by a komodo dragon

Vault maps used:
D:1:      eino_arrival_water_star, nicolae_ashenzari_panopticon
D:2:      first_ration, minmay_crystal_room, grunt_ministairs_6,
          hangedman_decor_push, minmay_box_of_dots
D:3:      chequers_ecumenical_altar_grove, uniq_crazy_yiuf_cottage
D:4:      minmay_temple_entry_overgrown
D:5:      serial_shops, shop
D:6:      portal_sewer_entry_e, st_stairs_6, uniq_edmund, uniq_grinder
D:7:      nicolae_overflow_hidden_temple, lightli_temple_of_fire,
          xom_redecorated
D:8:      chei_slow_surprise, uniq_pikel, uniq_maurice
D:9:      grunt_lair_entry_orc_guard_hut, zombieorc2_lemuel, enter_bailey_2,
          hangedman_little_slice_of_home
D:10:     serial_shops, nicolae_shop_temple_entry_statues_fountains,
          uniq_harold, uniq_nergalle
Temple:   minmay_temple_bridge_d
Lair:1:   wad_woods_road_06, infiniplex_staircase_pool_2, grunt_megastairs_4,
          uniq_sonja
Lair:2:   beast_lair_carwin_large_1, lab_entry_generic,
          hangedman_lair_unloving_vines, serial_bayou_pond_a,
          serial_bayou_shore_b, lemuel_fruit_fields
Sewer:    sewer_fruit_machine
Bailey:   bailey_axe_3, bailey

Skill      XL: |  1  2  3  4  5  6  7  8  9 10 11 |
---------------+----------------------------------+-----
Hexes          | 4 5 6 |  6.1
Spellcasting   | 3 4 5 7 8 9 |  9.0
Short Blades   | 2 3 4 6 7 9 10 | 10.0
Stealth        | 5 6 7 9 11 12 14 | 14.0
Dodging        | 4 5 6 8 10 11 12 | 12.7
Fighting       | 2 4 |  4.4

Action                   |  1- 3 |  4- 6 |  7- 9 | 10-12 || total
-------------------------+-------+-------+-------+-------++-------
Melee: Dagger            |   118 |   148 |   380 |   124 ||   770
       Peck              |       |       |    11 |    24 ||    35
       Short sword       |       |       |       |    56 ||    56
 Cast: Corona            |     9 |       |       |       ||     9
       Ensorcelled Hiber |    18 |    45 |    56 |    57 ||   176
       Confuse           |     1 |     5 |    33 |     3 ||    42
       Dazzling Spray    |       |     1 |     6 |       ||     7
Invok: Request Jelly     |       |       |     1 |       ||     1
       Slimify           |       |       |       |     1 ||     1
Evoke: Wand              |       |       |       |     1 ||     1
  Use: Scroll            |     1 |    10 |     2 |     6 ||    19
       Potion            |       |       |       |     2 ||     2
 Stab: Sleeping          |    16 |    40 |    29 |    31 ||   116
       Confused          |     1 |     2 |    14 |       ||    17
       Distracted        |       |       |     3 |     1 ||     4
       Invisible         |       |       |     1 |       ||     1
  Eat: Ration            |       |     2 |     3 |       ||     5
Armor: Robe              |    25 |    13 |    46 |    12 ||    96
Dodge: Dodged            |    83 |   100 |   286 |   236 ||   705

Table legend:
 A = Non-vault XP
 B = Vault XP
 C = Vault XP percentage of total XP
 D = Non-vault monster count
 E = Vault monster count
 F = Vault count percentage of total count
                 A         B        C        D         E       F
            +---------+---------+-------+---------+---------+-------
      Total |   11044 |    5708 |  34.1 |     174 |      82 |  32.0
            +---------+---------+-------+---------+---------+-------
        D:1 |      27 |       0 |   0.0 |      13 |       0 |   0.0
        D:2 |     136 |       9 |   6.2 |      28 |       4 |  12.5
        D:3 |      73 |      41 |  36.0 |      24 |       1 |   4.0
        D:4 |     652 |       0 |   0.0 |      15 |       0 |   0.0
        D:5 |     188 |       0 |   0.0 |       5 |       0 |   0.0
        D:6 |     350 |     476 |  57.6 |      10 |      11 |  52.4
        D:7 |    1044 |       0 |   0.0 |      17 |       0 |   0.0
        D:8 |    1017 |     851 |  45.6 |      22 |       3 |  12.0
        D:9 |     366 |    1070 |  74.5 |       7 |      38 |  84.4
       D:10 |    1970 |    1838 |  48.3 |       9 |       2 |  18.2
     Lair:1 |    2276 |    1206 |  34.6 |      16 |       3 |  15.8
     Lair:2 |    2945 |      95 |   3.1 |       8 |       1 |  11.1
      Sewer |       0 |      22 | 100.0 |       0 |      12 | 100.0
     Bailey |       0 |     100 | 100.0 |       0 |       7 | 100.0
            +---------+---------+-------+---------+---------+-------
